 Dungeon Crawl Stone Soup version 0.26-a0-708-g17f3b190f9 (webtiles) character file.

Game seed: 7813016669902782358

765 snetch the Cleaver (level 7, -3/61 HPs)
             Began as a Hill Orc Monk on Oct 27, 2020.
             Was a Priest of Beogh.
             Slain by an ogre
             ... wielding a +0 giant club
              (16 damage)
             ... on level 6 of the Dungeon.
             The game lasted 00:15:39 (4119 turns).

snetch the Cleaver (Hill Orc Monk)                  Turns: 4119, Time: 00:15:40

Health: -3/61      AC: 10    Str: 16    XL:     7   Next: 81%
Magic:  5/7        EV: 10    Int: 10    God:    Beogh [***...]
Gold:   22         SH:  4    Dex: 13    Spells: 6/6 levels left

rFire    . . .     SeeInvis +   a - +1 hand axe (elec)
rCold    . . .     Faith    .   s - +0 buckler
rNeg     . . .     Spirit   .   A - +0 scale mail (curse)
rPois    .         Reflect  .   o - +0 helmet (curse)
rElec    .         Harm     .   (no cloak)
rCorr    .         Rampage  .   u - +0 pair of gloves
MR       .....                  Q - +0 pair of boots
Stlth    ..........             G - amulet of inaccuracy (curse)
HPRegen  0.20/turn              y - ring of attention (curse)
MPRegen  0.10/turn              F - ring of see invisible

@: glowing
A: no striking features
a: Smiting, Renounce Religion


You were on level 6 of the Dungeon.
You worshipped Beogh.
Beogh was most pleased with you.
You visited 1 branch of the dungeon, and saw 6 of its levels.

You collected 142 gold pieces.
You spent 120 gold pieces at shops.

Inventory:

Hand Weapons
 a - a +1 hand axe of electrocution (weapon)
 b - a +4 dagger
 i - a +0 trident
 p - a +0 flail
 q - a +1 dagger of draining
 B - a +1 hand axe of pain
 J - a +0 war axe
Missiles
 c - 149 stones (quivered)
 j - 9 javelins
 m - 21 arrows
 r - 40 bolts
 D - 10 poisoned darts
 O - 19 sling bullets
Armour
 n - a +0 chain mail
 o - a cursed +0 helmet (worn)
 s - a +0 buckler (worn)
 u - a +0 pair of gloves (worn)
 A - a cursed +0 scale mail (worn)
 Q - a +0 pair of boots (worn)
Jewellery
 y - a cursed ring of attention (left hand)
 C - an uncursed ring of positive energy
 F - a ring of see invisible (right hand)
 G - a cursed amulet of inaccuracy (around neck)
Wands
 E - a wand of flame (25)
 R - a wand of polymorph (8)
Scrolls
 f - 5 scrolls of teleportation
 h - 3 scrolls of remove curse {unknown}
 l - a scroll of magic mapping
 t - 3 scrolls of immolation {unknown}
 H - a scroll of blinking
 K - a scroll of noise
 L - 2 scrolls of random uselessness
 M - 2 scrolls of enchant armour
 P - a scroll of fog
Potions
 d - 4 potions of curing
 e - 3 potions of mutation {unknown}
 g - a potion of brilliance
 k - a potion of magic
 v - a potion of heal wounds
 w - 3 potions of might {unknown}
 x - 2 potions of flight {unknown}
 z - a potion of invisibility
 I - a potion of stabbing
 N - a potion of lignification {unknown}


   Skills:
 + Level 5.1 Fighting
 * Level 8.9 Axes
 + Level 3.0 Armour
 + Level 3.4 Dodging
 + Level 2.4 Stealth
 + Level 1.0 Shields


You had 6 spell levels left.
You didn't know any spells.
Your spell library was empty.

Dungeon Overview and Level Annotations

Branches:
Dungeon (6/15)
 Temple: D:4-7

Altars:
Cheibriados
Dithmenos
Hepliaklqana
Nemelex Xobeh
Ru
Sif Muna
The Shining One

Shops:
D:4 ?(?(*   D:5 *


Message History

The ogre is moderately wounded.
You barely miss the ufetubus. The ogre barely misses you.
The ufetubus hits you but does no damage. x2
Unknown command.
You closely miss the ogre.
The ogre is moderately wounded.
You completely miss the ufetubus. You block the ufetubus's attack.
The ufetubus hits you but does no damage.
The ogre closely misses you.
You hit the ogre.
The ogre is moderately wounded.
You closely miss the ufetubus. The ufetubus hits you.
* * * LOW HITPOINT WARNING * * *
You block the ufetubus's attack. The ufetubus hits you.
* * * LOW HITPOINT WARNING * * *
You block the ufetubus's attack.
You barely miss the ogre.
The ogre is moderately wounded.
You miss the ufetubus. The ogre hits you with a +0 giant club!
You die...

## # #
...#.#
.#... _..
####O#####
#..@.....#
#.#5).##.#
# #...#
......
#......
..######
... ..#


You could see an ogre and an ufetubus.

Vanquished Creatures
  An ice beast (D:5)
  A bullfrog (D:5)
  A crimson imp (D:4)
  3 orc priests
  A hound (D:4)
  A gnoll shaman (D:6)
  3 orc wizards
  3 iguanas
  Ijyb (D:3)
  A worker ant (D:4)
  A hound zombie (D:5)
  3 gnolls
  5 adders
  An ufetubus (D:5)
  2 worms
  6 dart slugs
  5 leopard geckos
  13 orcs
  7 bats
  3 giant cockroaches
  4 goblins
  8 hobgoblins
  7 jackals
  2 quokkas
  4 frilled lizards
  3 goblin skeletons (D:4)
  4 hobgoblin zombies (D:4)
  6 kobolds
  A kobold zombie (D:4)
  An orc zombie (D:4)
  9 rats
111 creatures vanquished.

Vanquished Creatures (others)
  2 plants (D:5)
2 creatures vanquished.

Grand Total: 113 creatures vanquished

Notes
Turn   | Place    | Note
-------+----------+-------------------------------------------
     0 | D:1      | snetch the Hill Orc Monk began the quest for the Orb.
     0 | D:1      | Reached XP level 1. HP: 19/19 MP: 1/1
   204 | D:2      | Reached XP level 2. HP: 23/27 MP: 2/2
   381 | D:3      | Reached XP level 3. HP: 26/33 MP: 3/3
   465 | D:3      | Reached skill level 5 in Axes
   465 | D:3      | Reached XP level 4. HP: 21/40 MP: 4/4
   776 | D:3      | Reached XP level 5. HP: 9/47 MP: 5/5
  1060 | D:4      | Reached skill level 1 in Armour
  1063 | D:4      | Reached skill level 6 in Axes
  1318 | D:3      | Found a snail-covered altar of Cheibriados.
  1324 | D:3      | Became a worshipper of Beogh the Brigand
  1324 | D:3      | Reached * piety under Beogh
  1324 | D:3      | Reached ** piety under Beogh
  1355 | D:3      | Reached XP level 6. HP: 31/53 MP: 6/6
  2201 | D:2      | Found a hazy altar of Hepliaklqana.
  2592 | D:3      | Noticed Ijyb
  2607 | D:3      | Killed Ijyb
  2607 | D:3      | Reached skill level 7 in Axes
  2810 | D:3      | Found a shimmering blue altar of Sif Muna.
  3059 | D:4      | Found a glowing golden altar of the Shining One.
  3065 | D:4      | Reached *** piety under Beogh
  3104 | D:4      | Found Tuoxu's General Store.
  3122 | D:5      | Entered Level 5 of the Dungeon
  3133 | D:4      | Bought a scroll of noise for 14 gold pieces
  3133 | D:4      | Bought a scroll of random uselessness for 14 gold pieces
  3133 | D:4      | Bought a scroll of teleportation for 42 gold pieces
  3145 | D:4      | Found Soiquxid's Antique Weapon Emporium.
  3218 | D:4      | Found Wakeysor's Magic Scroll Emporium.
  3227 | D:4      | Bought a scroll of identify for 28 gold pieces
  3264 | D:4      | Reached XP level 7. HP: 40/60 MP: 7/7
  3394 | D:4      | Found Wedduresoo's Antique Weapon Shop.
  3752 | D:4      | Found a sacrificial altar of Ru.
  3752 | D:4      | Found a shadowy altar of Dithmenos.
  3885 | D:4      | Found Fuis's Magic Scroll Emporium.
  3891 | D:4      | Bought a scroll of fog for 22 gold pieces
  3949 | D:5      | Found Plog's Assorted Antiques.
  3973 | D:5      | Reached skill level 5 in Fighting
  4006 | D:5      | Reached skill level 8 in Axes
  4097 | D:5      | Reached skill level 1 in Shields
  4106 | D:6      | Found a sparkling altar of Nemelex Xobeh.
  4119 | D:6      | Slain by an ogre

Illustrated notes

Levels and vault maps discovered:
D:1:      dpeg_arrival_prison, layout_basic
D:2:      layout_rooms, overflow_temple_1_default
D:3:      layout_loops_cross, lemuel_doored_altar, led_sif_pool, uniq_ijyb
D:4:      layout_gridville, gammafunk_temple_overflow_statue, serial_shops,
          shop, shop, shop, nicolae_shop_trees, shop, chequers_garden,
          nicolae_tso_besieged_by_evil
D:5:      layout_basic, serial_shops, shop, shop, shop, shop_fountains,
          nicolae_shop_overgrown_old_shop, serial_corexii_hall,
          chequers_hall_statues_wall_a, chequers_hall_statues_wall_a
D:6:      layout_basic, kennysheep_ying_yang, lemuel_crystal_altar,
          minmay_temple_entry_gardened_gates, uniq_crazy_yiuf_cottage

Skill      XL: |  1  2  3  4  5  6  7 |
---------------+----------------------+-----
Fighting       | 4 5 |  5.1
Axes           | 5 6 7 8 |  8.9
Stealth        | 2 |  2.4
Dodging        | 3 |  3.4
Armour         | 1 2 3 |  3.0
Shields        | 1 |  1.0

Action                   |  1- 3 |  4- 6 |  7- 9 || total
-------------------------+-------+-------+-------++-------
Melee: Hand axe          |    43 |   215 |    80 ||   338
Invok: Convert to Beogh  |       |     1 |       ||     1
       Smiting           |       |       |     1 ||     1
  Use: Scroll            |       |     7 |     1 ||     8
       Potion            |       |       |     2 ||     2
 Stab: Sleeping          |     4 |     1 |       ||     5
Armor: Leather armour    |     7 |     9 |       ||    16
       Chain mail        |       |    50 |       ||    50
       Scale mail        |       |    27 |    35 ||    62
Dodge: Dodged            |    34 |    87 |    38 ||   159
Block: Buckler           |       |    24 |    22 ||    46

Table legend: (Time is in decaauts)
 A = Elapsed time spent in this place.
 B = Non-inter-level travel time spent in this place.
 C = Inter-level travel time spent in this place.
 D = Time resting spent in this place.
 E = Time spent auto-exploring this place.
 F = Levels seen in this place.
 G = Mean time per level.
                   A        B        C        D        E       F      G
               +--------+--------+--------+--------+--------+-----+--------+
         Total |   4134 |   3932 |    202 |    444 |   2037 |   6 |  689.0 |
       Dungeon |   4134 |   3932 |    202 |    444 |   2037 |   6 |  689.0 |
               +--------+--------+--------+--------+--------+-----+--------+

Top non-repeatable levels by time:
     D:4: 1044 daAuts
     D:2: 989 daAuts
     D:1: 985 daAuts
     D:3: 936 daAuts
     D:5: 165 daAuts
     D:6: 11 daAuts
